 Dungeon Crawl Stone Soup version 0.21.1-1-g345015fe64 (webtiles) character file.

342 KleinerIrrer the Shield-Bearer (level 6, 0/48 HPs)
             Began as a Formicid Fighter on Mar 26, 2018.
             Slain by an adder (2 damage)
             ... in a sewer.
             The game lasted 00:04:45 (2557 turns).

KleinerIrrer the Shield-Bearer (Formicid Fighter)   Turns: 2557, Time: 00:04:45

Health: 0/48       AC:  8    Str: 28    XL:     6   Next: 88%
Magic:  6/6        EV:  6    Int:  7    God:
Gold:   158        SH: 10    Dex: 10    Spells: 5/5 levels left

rFire    . . .     SeeInvis +   a - +0 war axe
rCold    . . .     Gourm    .   c - +0 shield
rNeg     . . .     Faith    .   b - +0 scale mail
rPois    .         Spirit   .   (helmet unavailable)
rElec    .         Reflect  .   (no cloak)
rCorr    .         Harm     .   o - +0 pair of gloves
MR       .....                  (no boots)
Stlth    ..........             (no amulet)
HPRegen  0.16/turn              (no ring)
MPRegen  0.10/turn              (no ring)

@: mighty, constricted
A: permanent stasis, dig shafts and tunnels, four strong arms, antennae 3
a: Dig, Shaft Self


You were in a sewer.
You were not hungry.

You visited 1 branch of the dungeon, and saw 3 of its levels.
You also visited: Sewer.

You collected 158 gold pieces.

Inventory:

Hand Weapons
 a - a +0 war axe (weapon)
Missiles
 n - 11 bolts
Armour
 b - a +0 scale mail (worn)
 c - a +0 shield (worn)
 o - a +0 pair of gloves (worn)
Scrolls
 g - a scroll of magic mapping {unknown}
 i - 4 scrolls of identify {unknown}
 j - a scroll of teleportation {unknown}
 k - a scroll of enchant weapon {unknown}
 m - a scroll of remove curse {unknown}
 p - 2 scrolls of enchant armour {unknown}
 s - 3 scrolls of fog {unknown}
 t - a scroll of blinking {unknown}
Potions
 e - 2 potions of haste {unknown}
 h - a potion of resistance {unknown}
 l - 2 potions of flight {unknown}
 q - a potion of magic
 r - 2 potions of curing {unknown}
 v - a potion of heal wounds {unknown}
Comestibles
 f - 5 rations


   Skills:
 + Level 4.3 Fighting
 + Level 4.5 Axes
 + Level 4.5 Armour
 - Level 0.5 Dodging
 + Level 5.1 Shields


You had 5 spell levels left.
You didn't know any spells.

Dungeon Overview and Level Annotations

Branches:
Dungeon (3/15)

Altars:
Elyvilon
Uskayaw


Innate Abilities, Weirdness & Mutations

You cannot be hasted, slowed, berserked, paralysed or teleported.
You can dig through walls and to a lower floor.
Your four strong arms can wield two-handed weapons with a shield.
You have a pair of large antennae on your head. (SInv)


Message History

You see here a bullfrog corpse.
It was a potion of magic.
Magic courses through your body. You block the ball python's attack.
The adder bites you.
* * * LOW HITPOINT WARNING * * *
You block the ball python's attack.
* * * LOW HITPOINT WARNING * * *
The ball python constricts you.
The bullfrog hits you but does no damage.
The ball python bites you but does no damage. x2
Your shield and scale mail prevent you from hitting the adder.
The adder is severely wounded.
You closely miss the ball python. You slash the bullfrog!
You kill the bullfrog!
You closely miss the ball python. x2; You block the adder's attack.
You block the ball python's attack.
* * * LOW HITPOINT WARNING * * *
The ball python constricts you. The ball python bites you.
* * * LOW HITPOINT WARNING * * *
The ball python barely misses you. The adder bites you.
You die...

≈.≈..#
#.≈≈.≈.#
≈≈≈≈≈#
#≈≈≈≈≈≈#
≈≈≈≈≈#
#≈≈≈≈≈≈#
≈≈≈≈≈#
#≈≈≈≈≈≈#
≈≈≈≈≈#
#≈≈≈≈≈≈#
≈≈≈≈≈#
#≈≈≈≈≈≈#
≈≈≈≈≈#
#≈≈≈≈≈≈#
≈≈≈≈≈#
#≈≈≈S.≈#
≈..≈##
#≈≈≈†@S#
≈..≈≈#
#≈≈≈#SS#
≈..≈##
#≈≈≈≈#≈#
≈≈÷≈≈#
#≈≈≈≈≈≈#
≈≈≈≈≈#
#≈≈≈≈≈≈#
≈≈≈≈≈#
#≈≈≈≈≈≈#
≈≈≈≈≈#
#≈≈≈≈≈≈#
≈≈≈≈≈#
#####≈≈≈≈≈≈#
†.†.##
#..###≈....#


You could see an adder and 3 ball pythons.

Vanquished Creatures
  2 bullfrogs (Sewer)
  9 adders
  3 river rats
  5 oozes
  2 worms
  2 dart slugs
  A leopard gecko (D:1)
  2 giant cockroaches (D:2)
  6 goblins
  4 hobgoblins (D:1)
  3 jackals (D:1)
  8 kobolds
  A quokka (D:2)
  9 ball pythons
  8 bats
  4 frilled lizards
  30 rats
99 creatures vanquished.

Vanquished Creatures (others)
  5 toadstools (D:1)
5 creatures vanquished.

Grand Total: 104 creatures vanquished

Notes
Turn   | Place    | Note
-------+----------+-------------------------------------------
     0 | D:1      | KleinerIrrer the Formicid Fighter began the quest for the Orb.
     0 | D:1      | Reached XP level 1. HP: 18/18 MP: 1/1
    24 | D:1      | Reached XP level 2. HP: 20/24 MP: 2/2
   295 | D:1      | Reached XP level 3. HP: 29/30 MP: 3/3
   321 | D:1      | Reached skill level 4 in Shields
   778 | D:2      | Reached XP level 4. HP: 32/37 MP: 4/4
  1231 | D:2      | Found a hide-covered altar of Uskayaw.
  1241 | D:2      | Found a white marble altar of Elyvilon.
  1489 | D:3      | Found a glowing drain.
  1506 | D:3      | Reached XP level 5. HP: 18/42 MP: 5/5
  1524 | D:3      | HP: 2/42 [poisoned by an adder]
  1531 | D:3      | HP: 1/42 [poisoned by an adder]
  1539 | D:3      | HP: 1/42 [poisoned by an adder]
  1609 | Sewer    | Entered a sewer
  2349 | Sewer    | Reached XP level 6. HP: 37/48 MP: 6/6
  2554 | Sewer    | Reached skill level 5 in Shields
  2557 | Sewer    | HP: 2/48 [ball python (1)]
  2557 | Sewer    | Slain by an adder

Skill      XL: |  1  2  3  4  5  6 |
---------------+-------------------+-----
Shields        | 4 5 |  5.1
Axes           | 3 4 |  4.5
Fighting       | 4 |  4.3
Armour         | 4 |  4.5
Dodging        | |  0.5

Action                   |  1- 3 |  4- 6 || total
-------------------------+-------+-------++-------
Melee: War axe           |    81 |   166 ||   247
  Use: Potion            |       |     2 ||     2
  Eat: Chunk             |       |     6 ||     6
Armor: Scale mail        |    34 |   111 ||   145
Dodge: Dodged            |    32 |    93 ||   125
Block: Shield            |    40 |   141 ||   181
